 Dungeon Crawl Stone Soup version 0.30-a0-1075-gcd70e7a56d (webtiles) character file.

Game seed: 2459103199564181465

172 billz999 the Digger (level 5, -1/31 HPs)
             Began as an Octopode Earth Elementalist on Apr 14, 2023.
             Was an Initiate of Makhleb.
             Slain by a gnoll
             ... wielding a +0 spear
              (3 damage)
             ... on level 6 of the Dungeon.
             The game lasted 00:05:09 (2508 turns).

billz999 the Digger (Octopode Earth Elementalist)   Turns: 2508, Time: 00:05:10

Health: -1/31      AC:  5    Str:  7    XL:     5   Next: 53%
Magic:  0/10       EV: 13    Int: 19    God:    Makhleb [......]
Gold:   183        SH:  0    Dex: 13    Spells: 9/10 levels left

rFire   . . .      SeeInvis .    h - +0 halberd
rCold   . . .      Faith    .    (shield currently unavailable)
rNeg    . . .      Spirit   .    (helmet restricted)
rPois   .          Reflect  .    (no amulet)
rElec   .          Rampage  .    i - +4 ring of protection
rCorr   .                        (no ring)
Will    .....                    (no ring)
Stlth   +++                      (no ring)
HPRegen 0.25/turn                (no ring)
MPRegen 0.12/turn                (no ring)
                                 (no ring)
                                 (no ring)

@: very slightly contaminated
A: almost no armour, amphibious, 8 rings, camouflage 1, gelatinous body 1,
(nimble swimmer 1), tentacles
a: Renounce Religion


You were on level 6 of the Dungeon.
You worshipped Makhleb.
Makhleb was noncommittal.
You visited 1 branch of the dungeon, and saw 4 of its levels.

You collected 183 gold pieces.

Inventory:

Hand Weapons
 h - a +0 halberd (weapon)
 j - a +0 sling
 k - a +0 dagger
Missiles
 f - 2 boomerangs
Jewellery
 i - a +4 ring of protection (left tentacle)
 q - a +6 ring of dexterity
Wands
 s - a wand of flame (22)
Scrolls
 d - a scroll of magic mapping {unknown}
 e - a scroll of vulnerability {unknown}
 g - 7 scrolls of identify {unknown}
 m - a scroll of noise {unknown}
 n - 2 scrolls of poison {unknown}
 o - 2 scrolls of teleportation {unknown}
 r - a scroll of blinking {unknown}
 t - a scroll of enchant armour {unknown}
Potions
 a - 2 potions of magic
 b - 2 potions of curing {unknown}
 c - 2 potions of mutation {unknown}
 l - a potion of attraction {unknown}
 p - 2 potions of heal wounds {unknown}


   Skills:
 + Level 2.0 Polearms
 - Level 2.3 Dodging
 - Level 3.2 Stealth
 + Level 3.3 Spellcasting
 - Level 2.3 Transmutations
 - Level 3.5 Earth Magic


You had 9 spell levels left.
You knew the following spells:

 Your Spells              Type           Power      Damage    Failure   Level
a - Sandblast             Erth           32%        2d9       3%          1

Your spell library contained the following spells:

 Spells                   Type           Power      Damage    Failure   Level
 Passwall                 Tmut/Erth      11%        N/A       7%          2
 Ensorcelled Hibernation  Hex/Ice        6%         N/A       22%         2
 Lesser Beckoning         Tloc           6%         N/A       22%         2
 Stone Arrow              Conj/Erth      18%        3d8       22%         3
 Gell's Gravitas          Tloc           3%         N/A       41%         3
 Hailstorm                Conj/Ice       3%         3d3       41%         3
 Teleport Other           Tloc           3%         N/A       41%         3
 Vhi's Electric Charge    Tloc/Air       6%         N/A       41%         3
 Petrify                  Tmut/Erth      14%        N/A       41%         4
 Freezing Cloud           Conj/Ice/Air   1%         6-21      99%         5


Dungeon Overview and Level Annotations

Branches:
Dungeon (3/15)

Altars:
Makhleb
Nemelex Xobeh


Innate Abilities, Weirdness & Mutations

You cannot wear most types of armour.
You are amphibious.
You can wear up to eight rings at the same time.
Your skin changes colour to match your surroundings (Stealth+).
Your rubbery body absorbs attacks. (AC +1, EV +1)
((You are camouflaged when in or above water. (Stealth+)))
You have tentacles for arms and can constrict up to eight enemies at once.


Message History

Confirm with . or Enter, or press ? or * to list all spells.
Aiming: Sandblast (safe; 3% risk of failure)
Press: ? - help, Shift-Dir - straight line, f - gnoll
Aim: a gnoll, wielding a +0 spear (severely wounded, 84% to hit)
The blast of sand hits the iguana but does no damage.
The gnoll hits you from afar with a +0 spear.
The iguana closely misses you. The gnoll misses you.
The iguana bites you but does no damage.
Unknown command.
Casting: Sandblast (safe; 3% risk of failure)
Confirm with . or Enter, or press ? or * to list all spells.
Aiming: Sandblast (safe; 3% risk of failure)
Press: ? - help, Shift-Dir - straight line, f/p - gnoll
Aim: a gnoll, wielding a +0 spear (severely wounded, 84% to hit)
You miscast Sandblast.
You are very lightly contaminated with residual magic.
Nothing appears to happen.
The gnoll closely misses you. The iguana bites you.
Unknown command.
Unknown command.
Casting: Sandblast (safe; 3% risk of failure)
Confirm with . or Enter, or press ? or * to list all spells.
Aiming: Sandblast (safe; 3% risk of failure)
Press: ? - help, Shift-Dir - straight line, f/p - gnoll
Aim: a gnoll, wielding a +0 spear (severely wounded, 84% to hit)
The blast of sand hits the iguana.
The iguana is moderately wounded.
The gnoll hits you from afar with a +0 spear.
The iguana closely misses you.
Unknown command.
Casting: Sandblast (safe; 3% risk of failure)
Confirm with . or Enter, or press ? or * to list all spells.
Aiming: Sandblast (safe; 3% risk of failure)
Press: ? - help, Shift-Dir - straight line, f/p - gnoll
Aim: a gnoll, wielding a +0 spear (severely wounded, 84% to hit)
The blast of sand hits the iguana but does no damage.
The iguana is moderately wounded.
The gnoll closely misses you. The iguana bites you!
* * * LOW HITPOINT WARNING * * *
The gnoll hits you from afar with a +0 spear.
You die...

#.....#........ .......
#.....#.......# .......
#.....#.......##..)....
#.....#.......#........
#.....#.......#.......#
#.....#.......#.......#
#.....#.......g....g...
#.....#......l#(.......
#.....#......@#........
#.....'.......#....l...
#.....#.......##.......
#.....#####'### .......
#.....'.......# ......#
#.....#.......# ......#
#.....#.......# ......#
#.....#.......#
#.....#########


You could see an iguana and a gnoll.

Vanquished Creatures
  A phantom (D:6)
  Robin (D:2)
  2 gnolls (D:6)
  3 worms (D:2)
  5 endoplasms
  4 giant cockroaches
  10 goblins
  4 hobgoblins
  6 jackals
  A quokka (D:1)
  2 ball pythons
  4 bats
  7 frilled lizards
  5 kobolds
  4 rats
59 creatures vanquished.

Vanquished Creatures (others)
  5 plants (D:3)
5 creatures vanquished.

Grand Total: 64 creatures vanquished

Notes
Turn   | Place    | Note
-------+----------+-------------------------------------------
     0 | D:1      | billz999 the Octopode Earth Elementalist began the quest
                  | for the Orb.
     0 | D:1      | Reached XP level 1. HP: 11/11 MP: 3/3
   148 | D:1      | Reached XP level 2. HP: 17/17 MP: 3/5
   691 | D:1      | Reached XP level 3. HP: 21/21 MP: 2/6
  1039 | D:2      | Noticed Robin
  1046 | D:2      | Killed Robin
  1056 | D:2      | Reached XP level 4. HP: 27/27 MP: 1/7
  1547 | D:2      | Found a burning altar of Makhleb.
  1654 | D:2      | Became a worshipper of Makhleb the Destroyer
  2001 | D:3      | Got the Lessons on Warped Ice
  2036 | D:3      | Found a sparkling altar of Nemelex Xobeh.
  2348 | D:3      | Found a faded altar of an unknown god.
  2377 | D:3      | You fall into a shaft and drop 3 floors!
  2431 | D:6      | Noticed a phantom
  2439 | D:6      | Killed a phantom
  2440 | D:6      | Reached skill level 1 in Polearms
  2440 | D:6      | Reached XP level 5. HP: 30/31 MP: 6/9
  2508 | D:6      | Slain by a gnoll

Illustrated notes

Levels and vault maps discovered:
D:1:      saegor_arrival_simple_a, layout_rooms, chequers_serial_rivers_large_b
D:2:      layout_loops_ring, basic_altar, uniq_robin
D:3:      layout_basic, mainiacjoe_overflow_paths,
          hellmonk_ecumenical_altar_inner_sanctum, minmay_lizard_king
D:6:      minmay_chambers_of_fours, layout_gridville

Skill      XL: |  1  2  3  4  5 |
---------------+----------------+-----
Stealth        | 3 |  3.2
Transmutations | 2 |  2.3
Polearms       | 1 2 |  2.0
Spellcasting   | 3 |  3.3
Dodging        | |  2.3
Earth Magic    | |  3.5

Action                     |  1- 3 |  4- 6 || total
---------------------------+-------+-------++-------
  Melee: Unarmed           |    10 |       ||    10
         Tentacles         |     4 |     2 ||     6
         Constrict         |     2 |     2 ||     4
         Halberd           |       |    15 ||    15
   Fire: Sling             |    16 |       ||    16
   Cast: Sandblast         |    52 |    27 ||    79
   Stab: Sleeping          |       |     5 ||     5
 Armour: Skin              |    12 |     5 ||    17
  Dodge: Dodged            |    27 |    20 ||    47

Table legend: (Time is in decaauts)
 A = Elapsed time spent in this place.
 B = Non-inter-level travel time spent in this place.
 C = Inter-level travel time spent in this place.
 D = Time resting spent in this place.
 E = Time spent auto-exploring this place.
 F = Levels seen in this place.
 G = Mean time per level.
                   A        B        C        D        E       F      G
               +--------+--------+--------+--------+--------+-----+--------+
         Total |   2558 |   2500 |     58 |    331 |   1799 |   4 |  639.5 |
       Dungeon |   2558 |   2500 |     58 |    331 |   1799 |   4 |  639.5 |
               +--------+--------+--------+--------+--------+-----+--------+

Top non-repeatable levels by time:
     D:2: 983 daAuts
     D:1: 813 daAuts
     D:3: 624 daAuts
     D:6: 137 daAuts
